 Dungeon Crawl Stone Soup version 0.30-a0-297-g0ec75d9ef4 (webtiles) character file.

Game seed: 7543958437878000354

236 plokij the Slasher (level 5, 0/47 HPs)
             Began as a Minotaur Fighter on Oct 18, 2022.
             Succumbed to a water moccasin's poison
             ... on level 5 of the Dungeon.
             The game lasted 00:10:34 (3253 turns).

plokij the Slasher (Minotaur Fighter)               Turns: 3253, Time: 00:10:34

Health: 0/47       AC: 12    Str: 21    XL:     5   Next: 77%
Magic:  4/4        EV:  8    Int:  5    God:
Gold:   203        SH:  5    Dex: 11    Spells: 4/4 levels left

rFire   . . .      SeeInvis .    a - +0 long sword
rCold   . . .      Faith    .    c - +0 buckler
rNeg    . . .      Spirit   .    p - +0 chain mail
rPois   .          Reflect  .    (helmet restricted)
rElec   .          Harm     .    h - scarf {repulsion}
rCorr   .          Rampage  .    v - +0 pair of gloves
Will    .....                    A - +0 pair of boots
Stlth   ..........               (no amulet)
HPRegen 0.27/turn                (no ring)
MPRegen 0.09/turn                (no ring)

@: lethally poisoned (0 -> -4), repel missiles
A: horns 2, retaliatory headbutt
a: no special abilities


You were on level 5 of the Dungeon.
You visited 1 branch of the dungeon, and saw 5 of its levels.

You collected 203 gold pieces.

Inventory:

Hand Weapons
 a - a +0 long sword (weapon)
Armour
 c - a +0 buckler (worn)
 h - a scarf of repulsion (worn)
 p - a +0 chain mail (worn)
 v - a +0 pair of gloves (worn)
 A - a +0 pair of boots (worn)
 D - the +2 ring mail "Qyitaiwn" {rF+ Int+6}
   (You found it on level 4 of the Dungeon)

   Int:       It affects your intelligence (+6).
   rF:        It protects you from fire.
Jewellery
 u - a ring of protection from cold
 x - a +6 ring of dexterity
 B - a ring of protection from cold
 C - a +6 ring of intelligence
Scrolls
 b - 2 scrolls of noise {unknown}
 g - 2 scrolls of teleportation {unknown}
 i - 2 scrolls of magic mapping {unknown}
 m - 2 scrolls of enchant armour {unknown}
 n - 5 scrolls of identify {unknown}
 q - a scroll of vulnerability {unknown}
 r - a scroll of amnesia {unknown}
 s - 2 scrolls of summoning {unknown}
 t - a scroll of fog {unknown}
 y - 2 scrolls of fear {unknown}
Potions
 d - 2 potions of might
 e - 2 potions of brilliance {unknown}
 f - a potion of flight {unknown}
 j - 2 potions of haste {unknown}
 k - a potion of lignification
 l - 2 potions of cancellation {unknown}
 o - 4 potions of curing {unknown}
 w - a potion of invisibility {unknown}
 z - 2 potions of heal wounds {unknown}
 E - a potion of resistance {unknown}


   Skills:
 + Level 4.5 Fighting
 + Level 4.6 Long Blades
 + Level 4.5 Armour
 * Level 2.4 Dodging
 + Level 4.6 Shields


You had 4 spell levels left.
You didn't know any spells.
Your spell library contained the following spells:

 Spells                   Type           Power      Damage    Failure   Level
 Hailstorm                Conj/Ice       0%         3d3       100%        3
 Ice Form                 Ice/Tmut       0%         N/A       100%        4
 Petrify                  Tmut/Erth      0%         N/A       100%        4
 Metabolic Englaciation   Hex/Ice        0%         N/A       100%        5
 Simulacrum               Ice/Necr       0%         N/A       100%        6
 Statue Form              Tmut/Erth      0%         N/A       100%        6


Dungeon Overview and Level Annotations

Branches:
Dungeon (5/15)
 Temple: D:4-7

Altars:

Shops:
D:4 =


Innate Abilities, Weirdness & Mutations

You have a pair of horns on your head.
You reflexively headbutt those who attack you in melee.


Message History

The water moccasin bites you but does no damage.
You hit the water moccasin.
Your headbutt misses the water moccasin.
The water moccasin is moderately wounded.
You feel sick. The water moccasin closely misses you.
The water moccasin bites you.
You slash the water moccasin!
Your headbutt misses the water moccasin.
The water moccasin is heavily wounded.
You feel sick. The water moccasin bites you. x2
You are more poisoned.
The water moccasin poisons you!
You hit the water moccasin.
The water moccasin is severely wounded.
You feel very sick. The water moccasin barely misses you.
You closely miss the water moccasin.
The water moccasin is severely wounded.
You feel very sick. The water moccasin closely misses you.
The water moccasin bites you but does no damage.
You closely miss the water moccasin.
Your headbutt misses the water moccasin.
The water moccasin is severely wounded.
You feel very sick.
The water moccasin bites you but does no damage.
The water moccasin closely misses you.
You hit the water moccasin but do no damage.
The water moccasin is severely wounded.
You feel sick.
The water moccasin bites you but does no damage.
You barely miss the water moccasin.
The water moccasin is severely wounded.
You feel sick.
The water moccasin bites you but does no damage.
The water moccasin bites you!
* * * LOW HITPOINT WARNING * * *
You closely miss the water moccasin.
The water moccasin is severely wounded.
You die...

...####..
#.......##
#.........
#.........
#........
#.....#
#..S..#
##.@#
#<..#
#...#
........
####.....#
#.......
##......
#!.....
....(.


You could see a water moccasin.

Vanquished Creatures
  Robin (D:3)
  4 gnolls (D:4)
  7 adders
  3 worms
  3 dart slugs
  5 orcs
  10 endoplasms
  5 giant cockroaches
  12 goblins
  8 hobgoblins
  10 jackals
  6 quokkas
  7 ball pythons
  4 bats
  2 frilled lizards
  8 kobolds
  4 rats
99 creatures vanquished.

Vanquished Creatures (others)
  5 plants (D:3)
5 creatures vanquished.

Grand Total: 104 creatures vanquished

Notes
Turn   | Place    | Note
-------+----------+-------------------------------------------
     0 | D:1      | plokij the Minotaur Fighter began the quest for the Orb.
     0 | D:1      | Reached XP level 1. HP: 19/19 MP: 0/0
   129 | D:1      | Reached XP level 2. HP: 27/27 MP: 1/1
   350 | D:1      | You fall into a shaft and drop 1 floor!
   669 | D:2      | Reached skill level 1 in Dodging
   669 | D:2      | Reached XP level 3. HP: 32/33 MP: 2/2
  1158 | D:2      | Reached XP level 4. HP: 40/40 MP: 3/3
  1369 | D:3      | Noticed Robin
  1381 | D:3      | Killed Robin
  1771 | D:3      | Reached XP level 5. HP: 46/46 MP: 4/4
  2441 | D:4      | Found Weeploa's Jewellery Shoppe.
  2447 | D:4      | Identified the +2 ring mail "Qyitaiwn" {rF+ Int+6}
  3235 | D:5      | Entered Level 5 of the Dungeon
  3235 | D:5      | Noticed a water moccasin
  3252 | D:5      | HP: 1/47 [water moccasin (8)]
  3253 | D:5      | Succumbed to a water moccasin's poison

Illustrated notes

Levels and vault maps discovered:
D:1:      scummos_arrival_simple_crosswalls, layout_rooms
D:2:      minmay_razor_zed, layout_rooms
D:3:      minmay_wonky_spiral, layout_basic, grunt_ministairs_11,
          serial_bayou_lagoon_a, kennysheep_nub, uniq_robin
D:4:      layout_basic, serial_shops, nicolae_shop_statue_plus
D:5:      layout_basic, cheibrodos_sewer_entry_drain

Skill      XL: |  1  2  3  4  5 |
---------------+----------------+-----
Long Blades    | 3 4 |  4.6
Dodging        | 1 2 |  2.4
Fighting       | 4 |  4.5
Armour         | 4 |  4.5
Shields        | 4 |  4.6

Action                   |  1- 3 |  4- 6 || total
-------------------------+-------+-------++-------
Melee: Long sword        |    94 |   164 ||   258
       Headbutt          |    17 |    18 ||    35
  Use: Potion            |       |     1 ||     1
Armor: Scale mail        |    20 |       ||    20
       Chain mail        |    31 |    89 ||   120
       Skin              |       |     5 ||     5
Dodge: Dodged            |    41 |    67 ||   108
       Repelled          |     1 |       ||     1
Block: Buckler           |    25 |    44 ||    69

Table legend: (Time is in decaauts)
 A = Elapsed time spent in this place.
 B = Non-inter-level travel time spent in this place.
 C = Inter-level travel time spent in this place.
 D = Time resting spent in this place.
 E = Time spent auto-exploring this place.
 F = Levels seen in this place.
 G = Mean time per level.
                   A        B        C        D        E       F      G
               +--------+--------+--------+--------+--------+-----+--------+
         Total |   3340 |   2800 |    540 |    262 |   1855 |   5 |  668.0 |
       Dungeon |   3340 |   2800 |    540 |    262 |   1855 |   5 |  668.0 |
               +--------+--------+--------+--------+--------+-----+--------+

Top non-repeatable levels by time:
     D:3: 997 daAuts
     D:4: 929 daAuts
     D:2: 787 daAuts
     D:1: 604 daAuts
     D:5: 21 daAuts
